 Dungeon Crawl Stone Soup version 0.31-a0-208-gdb31a4691d (webtiles) character file.

Game seed: 13362597417071624168

21 benadryl the Chopper (level 2, -9/23 HPs)
             Began as a Demonspawn Gladiator on June 28, 2023.
             Killed from afar by Sigmund (10 damage)
             ... with a puff of flame
             ... on level 2 of the Dungeon.
             The game lasted 00:00:51 (910 turns).

benadryl the Chopper (Demonspawn Gladiator)          Turns: 910, Time: 00:00:52

Health: -9/23      AC:  4    Str: 11 (14) XL:     2   Next: 65%
Magic:  11/11      EV: 12    Int:  6 (9)  God:
Gold:   36         SH:  0    Dex: 13 (14) Spells: 1/1 levels left

rFire   . . .        a - +0 war axe
rCold   + . .        (no shield)
rNeg    . . .        b - +1 leather armour
rPois   .            (helmet restricted)
rElec   .            (no cloak)
rCorr   .            (no gloves)
SInv    .            (no boots)
Will    .....        (no amulet)
Stlth   +            f - ring of magical power
HPRegen 0.23/turn    h - ring of protection from cold
MPRegen 0.12/turn

%: no passive effects
@: no status effects
A: antennae 1
a: no special abilities


You were on level 2 of the Dungeon.
You visited 1 branch of the dungeon, and saw 2 of its levels.

You collected 36 gold pieces.

Inventory:

Hand Weapons
 a - a +0 war axe (weapon)
Missiles
 d - 3 throwing nets (quivered)
 e - a javelin
Armour
 b - a +1 leather armour (worn)
 c - a +0 helmet
Jewellery
 f - a ring of magical power (left hand)
 h - a ring of protection from cold (right hand)
Scrolls
 i - a scroll of brand weapon {unknown}
 j - a scroll of revelation {unknown}
 k - a scroll of teleportation {unknown}


   Skills:
 + Level 2.4 Fighting
 * Level 3.3 Axes
 - Level 1.7 Throwing
 - Level 2.6 Dodging


You had one spell level left.
You didn't know any spells.
Your spell library contained the following spells:

 Spells                   Type           Power      Damage    Failure   Level
 Frozen Ramparts          Ice            0%         1d1       89%         3
 Ice Form                 Ice/Tmut       0%         N/A       100%        4
 Summon Ice Beast         Ice/Summ       0%         N/A       100%        4


Dungeon Overview and Level Annotations

Branches:
Dungeon (2/15)

Altars:

Annotations:
D:2 Sigmund


Innate Abilities, Weirdness & Mutations

You have a pair of small antennae on your head.


Message History

Done exploring.
Search for what [? for help]? .
(D) Dungeon
Where to? (? - help)
There is a stone staircase leading down here.
You climb downwards.
There is a stone staircase leading up here.
You now have 36 gold pieces (gained 7).
An endoplasm comes into view.
The endoplasm quivers.
Sigmund the Dreaded comes into view.
He is wielding a +0 scythe and wearing a +0 robe of resistance.
You hit the endoplasm.
The endoplasm is moderately wounded.
The endoplasm barely misses you.
You hit the endoplasm.
You kill the endoplasm!
Sigmund closely misses you. Sigmund barely misses you.
You closely miss Sigmund. Sigmund hits you with a +0 scythe.
You hit Sigmund.
Sigmund is lightly wounded.
You barely miss Sigmund.
Sigmund is lightly wounded.
Sigmund hits you with a +0 scythe!
Ouch! That really hurt!
You are too injured to fight recklessly!
You are too injured to fight recklessly!
You are too injured to fight recklessly!
It was a potion of degeneration.
There was something very wrong with that liquid.
You feel weakened.
You feel dopey.
You feel clumsy. Sigmund casts a spell at you. The magic dart hits you!
* * * LOW HITPOINT WARNING * * *
As you read the scroll labelled SEPEHU HIETA, it crumbles to dust.
It is a scroll of enchant armour.
Your +0 leather armour glows green for a moment.
Sigmund points at you and mumbles some strange words.
The puff of flame hits you!
You die...

##.##
.####...####.##
#......#.......#
#.####...####...
##.## #.# #.#
#.# #@# #@# #..
##.# .# .# .. ..


You could see Sigmund.

Vanquished Creatures
  3 ball pythons (D:1)
  4 endoplasms
  A giant cockroach (D:1)
  4 hobgoblins (D:1)
  2 frilled lizards (D:1)
  2 kobolds (D:1)
  2 rats (D:1)
18 creatures vanquished.

Notes
Turn   | Place    | Note
-------+----------+-------------------------------------------
     0 | D:1      | benadryl the Demonspawn Gladiator began the quest for the
                  | Orb.
     0 | D:1      | Reached XP level 1. HP: 16/16 MP: 1/1
   321 | D:1      | Reached skill level 3 in Axes
   378 | D:1      | Gained mutation: You have a pair of small antennae on your
                  | head. [demonic ancestry]
   378 | D:1      | Reached XP level 2. HP: 22/22 MP: 2/2
   900 | D:2      | Noticed Sigmund
   909 | D:2      | HP: 1/23 [Sigmund/magic dart (7)]
   910 | D:2      | Killed from afar by Sigmund

Illustrated notes

Levels and vault maps discovered:
D:1:      lemuel_arrival_broad_hall, layout_loops_ring
D:2:      layout_loops_ring, chequers_serial_rivers_small_b, uniq_sigmund,
          uniq_jessica

Skill      XL: |  1 |
---------------+----+-----
Axes           | 3 |  3.3
Fighting       | |  2.4
Throwing       | |  1.7
Dodging        | |  2.6

Action                     || total
---------------------------++-------
  Melee: War axe           ||    52
         Punch             ||     2
    Use: Scroll            ||     1
         Potion            ||     1
   Stab: Sleeping          ||     1
 Armour: Leather armour    ||    10
  Dodge: Dodged            ||    36

Table legend: (Time is in decaauts)
 A = Elapsed time spent in this place.
 B = Non-inter-level travel time spent in this place.
 C = Inter-level travel time spent in this place.
 D = Time resting spent in this place.
 E = Time spent auto-exploring this place.
 F = Levels seen in this place.
 G = Mean time per level.
                   A        B        C        D        E       F      G
               +--------+--------+--------+--------+--------+-----+--------+
         Total |    927 |    909 |     18 |    151 |    604 |   2 |  463.5 |
       Dungeon |    927 |    909 |     18 |    151 |    604 |   2 |  463.5 |
               +--------+--------+--------+--------+--------+-----+--------+

Top non-repeatable levels by time:
     D:1: 889 daAuts
     D:2: 37 daAuts
